[Event "*** SCC Grand Prix: Titled Tuesday Blitz"]
[Site "Chess.com"]
[Date "2020.07.14"]
[Round "6"]
[White "kingnb"]
[Black "Evgeny81"]
[Result "1-0"]
[WhiteElo "2563"]
[BlackElo "2735"]
[TimeControl "180+1"]
[EndTime "11:07:46 PDT"]
[Termination "kingnb won by resignation"]

1. e4 c5 2. Nf3 Nc6 3. c3 e6 4.
d4 d5 5. e5 Nge7 6. Bd3 Nf5 7. O-O Be7 8. Nbd2 O-O 9. dxc5 Bxc5 10.
Nb3 Bb6 11. Nbd4 Ncxd4 12. cxd4 h6 13. Bxf5 exf5 14. Be3 Be6 15. h4 Rc8 16. Qd3 Qd7 17.
Rac1 Qa4 18. a3 Rc6 19. Rxc6 bxc6 20. Rc1 Rb8 21. Qc2 Qxc2 22. Rxc2 Bd7 23. b4 a5 24. Bd2 axb4 25. Bxb4 Bd8 26. g3 g5 27. hxg5 hxg5 28. Kf1 Kg7 29. Ke2 Kg6 30. Nd2 f4 31. gxf4 gxf4 32.
Nb3 Kf5 33. f3 Bh4 34. Nc5 Be8 35. Rb2 Ra8 36. a4 Bd8 37. a5 Bxa5 38. Bxa5 Rxa5 39. Rb8 Rxc5 40. dxc5 Bd7 41. Rb7 Ke6 42. Kd3 Be8 43.
Kd4 f6 44. exf6 Kxf6 45. Rh7 Bg6 46. Rd7 Be8 47. Rd6+ Kf5 48. Rh6 Bd7 49. Rh8 Kf6 50. Rf8+ Kg5 51. Ke5 Bh3 52. Rxf4 Bf1 53. Rf6 Bb5 54.
f4+ Kg4 55. Rd6 1-0

[Event "*** SCC Grand Prix: Titled Tuesday Blitz"]
[Site "Chess.com"]
[Date "2020.07.14"]
[Round "6"]
[White "sasko1234"]
[Black "ClassyEl"]
[Result "0-1"]
[WhiteElo "2398"]
[BlackElo "2539"]
[TimeControl "180+1"]
[EndTime "11:07:46 PDT"]
[Termination "ClassyEl won by resignation"]

1. b3 a5 2. a4 Nf6 3. Bb2 g6 4. g4 Bg7 5. g5 Nh5 6. Bxg7 Nxg7 7. Nc3 e5 8. d4 Qxg5 9. Nf3 Qd8 10. dxe5 O-O 11.
Qd2 Nc6 12. Nd5 f5 13. Qh6 Ne6 14. h4 d6 15. h5 g5 16. Nf6+ Rxf6 17. exf6 Qf8 18. Qxf8+ Kxf8 19. O-O-O Kf7 20. e3 Kxf6 21. Nd4 Ncxd4 22. exd4 h6 23. c3 Bd7 24. Bd3 Nf4 25. Bc2 Bc6 26. Rhe1 Bf3 27. Rd2 Nxh5 28. Bd1 Bxd1 29.
Kxd1 Nf4 30. Rh1 h5 31. Kc2 g4 32. Rdd1 h4 33. Rde1 h3 34. Kd2 Rg8 35. c4 g3 36.
fxg3 Rxg3 37. Ref1 Kg5 38. Kc2 Kg4 39. d5 Ng2 40. c5 Ne3+ 41. Kd2 Nxf1+ 42. Rxf1 dxc5 43. d6 cxd6 44. Ke2 h2 0-1

[Event "*** SCC Grand Prix: Titled Tuesday Blitz"]
[Site "Chess.com"]
[Date "2020.07.14"]
[Round "6"]
[White "Lion-Al-Messi"]
[Black "tk22h"]
[Result "0-1"]
[WhiteElo "2424"]
[BlackElo "2313"]
[TimeControl "180+1"]
[EndTime "11:07:46 PDT"]
[Termination "tk22h won on time"]

1. e4 e5 2. Nf3 Nc6 3. Bb5 a6 4. Ba4 Nf6 5. O-O Be7 6. Qe2 O-O 7. c3 b5 8. Bc2 d6 9. h3 h6 10. d4 Re8 11. Nbd2 Bb7 12. b3 exd4 13. Nxd4 Nxd4 14. cxd4 c5 15. Bb2 cxd4 16. Bxd4 Rc8 17. Bd3 Nd7 18. Rae1 Bf6 19. Be3 Nc5 20. f4 Nxe4 21.
Nxe4 Bxe4 22. Bf2 d5 23. Qd1 Bxd3 24. Qxd3 Rxe1 25. Rxe1 Qd7 26. Rd1 Rc3 27. Qxd5 Qxd5 28. Rxd5 Rc1+ 29. Kh2 Rc2 30. Bc5 Rxa2 31. Rd6 a5 32.
Ra6 a4 33. bxa4 Rxa4 34. Rb6 Rxf4 35. Rxb5 Kh7 36. Be3 Re4 37. Bf2 Be5+ 38. Kg1 f5 39.
Rb7 Kg6 40. Bc5 Bd4+ 41. Bxd4 Rxd4 42. Rb6+ Kg5 43. Rb3 f4 44. Rb5+ Kg6 45. Rb6+ Kh5 46. Rb5+ g5 47. Rb6 Rd2 48. Kf1 Kh4 49. Rxh6+ Kg3 50.
Rg6 Rf2+ 51. Ke1 Rxg2 52. Rxg5+ Kf3 53. Ra5 Rg1+ 54. Kd2 Rh1 55. Ra3+ Kf2 56. Ra4 f3 57. h4 Kg2 58. Ke3 Re1+ 59. Kd2 Re5 0-1

[Event "*** SCC Grand Prix: Titled Tuesday Blitz"]
[Site "Chess.com"]
[Date "2020.07.14"]
[Round "6"]
[White "Onischuk_V"]
[Black "frederiksvane"]
[Result "1-0"]
[WhiteElo "2896"]
[BlackElo "2686"]
[TimeControl "180+1"]
[EndTime "11:07:47 PDT"]
[Termination "Onischuk_V won by checkmate"]

1. e4 c5 2. Nc3 e6 3. Nge2 a6 4. g3 b5 5. Bg2 Bb7 6. O-O Nf6 7.
d4 cxd4 8. Nxd4 b4 9. Na4 Bxe4 10. Bxe4 Nxe4 11. Re1 d5 12. c4 bxc3 13. Nxc3 Nxc3 14. bxc3 Be7 15. Rb1 O-O 16. Rb7 Bf6 17. Ba3 Re8 18. Qa4 Be7 19. Nxe6 fxe6 20. Rxe6 Nc6 21. Bxe7 Nxe7 22. Rd7 Qc8 23. Rexe7 Qxc3 24. Rxg7+ Qxg7 25. Rxg7+ Kxg7 26. Qd7+ Kh8 27. Qxd5 Ra7 28. Qd4+ Rg7 29. h4 Re6 30. Kg2 h6 31. h5 Kh7 32. f4 Re2+ 33. Kh3 Rxa2 34. Qe4+ Kh8 35. g4 Rd2 36. Qe6 Rdd7 37. Qxh6+ Kg8 38. Qxa6 Rdf7 39. Qe6 Kh8 40. f5 Re7 41. Qc8+ Kh7 42. f6 Re3+ 43. Kh4 Rf7 44. Qf5+ Kh8 45. Qg6 Re4 46. Qxe4 Rxf6 47. Qe5 Kg7 48. g5 Kh7 49. Qxf6 Kg8 50. h6 Kh7 51. Qg7# 1-0

[Event "*** SCC Grand Prix: Titled Tuesday Blitz"]
[Site "Chess.com"]
[Date "2020.07.14"]
[Round "6"]
[White "Meri-Arabidze"]
[Black "Maxim_e2e4"]
[Result "0-1"]
[WhiteElo "2550"]
[BlackElo "2417"]
[TimeControl "180+1"]
[EndTime "11:07:48 PDT"]
[Termination "Maxim_e2e4 won by resignation"]

1. d4 Nf6 2. c4 g6 3. Nf3 Bg7 4. g3 c5 5. d5 b5 6. cxb5 a6 7.
b6 d6 8. Nc3 O-O 9. Bg2 Nbd7 10.
a4 a5 11. O-O Rb8 12. e4 Rxb6 13. Re1 Ng4 14. Nb5 Ba6 15. Bf1 Qb8 16. h3 Nge5 17.
Nd2 c4 18. Nxc4 Nxc4 19. Bxc4 Rc8 20. Bf1 Nc5 21. Nd4 Bxf1 22. Nc6 Rbxc6 23. dxc6 Bxh3 24. Ra3 Be6 25. Bg5 Bxb2 26. Rae3 f6 27. Bh6 Qb4 28. Qf3 Bd4 29. R3e2 Bc4 30. Qg4 Rxc6 31. e5 Bxe5 32. Re4 f5 33. Qh4 Nxe4 34. Qxe7 Qb8 35. Rc1 Rc7 36. Qh4 d5 37. Kg2 Bf6 38. Qf4 Rb7 39.
Qf3 Rb2 40. Rf1 Qb6 41. Kg1 Rxf2 42. Rxf2 Qxf2+ 43. Qxf2 Nxf2 44. Kxf2 Bd4+ 45. Kf3 Bb3 46. g4 fxg4+ 47. Kxg4 Bxa4 48. Kg5 Bd7 49. Kf4 a4 0-1

[Event "*** SCC Grand Prix: Titled Tuesday Blitz"]
[Site "Chess.com"]
[Date "2020.07.14"]
[Round "6"]
[White "RoelandPruijssers"]
[Black "Savva09022009"]
[Result "1-0"]
[WhiteElo "2602"]
[BlackElo "2446"]
[TimeControl "180+1"]
[EndTime "11:07:50 PDT"]
[Termination "RoelandPruijssers won by checkmate"]

1. e4 c5 2. Nf3 d6 3. d4 cxd4 4. Nxd4 Nf6 5. Nc3 a6 6. Be3 e6 7. f4 Be7 8. Qf3 O-O 9. Bd3 Qc7 10.
O-O b5 11. a3 Bb7 12. Qh3 Nbd7 13. Rae1 Rfe8 14. f5 e5 15. Nf3 Nc5 16. Bd2 Bf8 17. Bg5 Nfd7 18. f6 Ne6 19. fxg7 Bxg7 20. Bh6 Qd8 21. Nd5 Nb6 22. Bxg7 Kxg7 23. Nh4 Rg8 24. Nf5+ Kh8 25. Nh6 Rg7 26. Nxf7+ Rxf7 27. Rxf7 Ng5 28.
Qh5 Nxf7 29. Qxf7 Bxd5 30. exd5 Qh4 31. Re4 Qg5 32. h4 Qh6 33. Rg4 Rf8 34. Qe6 Qxe6 35. dxe6 Re8 36. Bf5 Nd5 37. Rg5 Ne3 38. g4 h6 39. Rg6 Kh7 40. Rf6+ Kg7 41. Rf7+ Kg8 42. Kf2 Nd5 43. c3 Nf4 44. Rf6 Kg7 45. g5 hxg5 46.
hxg5 Nd5 47. Rf7+ Kg8 48. Bh7+ Kh8 49. Bf5 Kg8 50. g6 Nf4 51. e7 Nd5 52. Be6 Kh8 53. Rh7# 1-0

[Event "*** SCC Grand Prix: Titled Tuesday Blitz"]
[Site "Chess.com"]
[Date "2020.07.14"]
[Round "6"]
[White "ChronicUnhappiness"]
[Black "enzovsky"]
[Result "0-1"]
[WhiteElo "2357"]
[BlackElo "2526"]
[TimeControl "180+1"]
[EndTime "11:07:50 PDT"]
[Termination "enzovsky won by checkmate"]

1. c4 g6 2. d4 Nf6 3. Nc3 d5 4. Nf3 Bg7 5. Bg5 Ne4 6. Bh4 Nxc3 7. bxc3 dxc4 8. e3 b5 9. Be2 O-O 10. O-O c6 11. a4 a6 12. Nd2 Nd7 13. Bf3 Bb7 14.
Qb1 Rb8 15. Bg3 e5 16. Qb4 c5 17. dxc5 Qc7 18. Bxb7 Rxb7 19. axb5 axb5 20. Ne4 Qc6 21.
Nd6 Nxc5 22. Nxb7 Nxb7 23. Rfd1 Nc5 24. Ra5 Rb8 25. Ra7 h5 26. h4 Bf8 27. Qa5 Bd6 28. Qa2 Kg7 29. Qe2 Nd3 30. Qf3 Qxf3 31. gxf3 b4 32. cxb4 Rxb4 33. Rd7 Bb8 34. Rd8 Bc7 35. R8xd3 cxd3 36. Rxd3 Kf6 37. Rd7 Rb7 38. Kg2 Ke6 39. Rd3 f5 40. f4 e4 41. Rc3 Bd6 42.
Rc6 Rb2 43. Ra6 Kd5 44. Ra8 Bc5 45. Kh3 Rb1 46. Rg8 Rb6 47. Kg2 Kc4 48. Re8 Kd3 49. Re5 Rb5 50. Kf1 Rb1+ 51. Kg2 Kc4 52. Bh2 Rb7 53.
Re6 Rb2 54. Kg1 Kd3 55. Rxg6 Ke2 56. Bg3 Kf3 57. Rg5 Bxe3 58. fxe3 Rg2+ 59. Kh1 Rxg3 60. Rxf5 Kxe3 61. Rxh5 Kf2 62. Re5 Rh3# 0-1

[Event "*** SCC Grand Prix: Titled Tuesday Blitz"]
[Site "Chess.com"]
[Date "2020.07.14"]
[Round "6"]
[White "Duhless"]
[Black "AnishOnYoutube"]
[Result "0-1"]
[WhiteElo "3029"]
[BlackElo "2868"]
[TimeControl "180+1"]
[EndTime "11:07:51 PDT"]
[Termination "AnishOnYoutube won on time"]

1. e4 e5 2. Nf3 Nc6 3. Bc4 Bc5 4. c3 Nf6 5. d3 d6 6. h3 a6 7. Nbd2 Ba7 8. Bb3 Be6 9. Nf1 Bxb3 10. Qxb3 h6 11. Ng3 O-O 12. O-O Qd7 13. Be3 Bxe3 14. fxe3 Kh7 15. Nh4 Ng8 16. Rf2 Rab8 17. Raf1 f6 18. Qd1 Qf7 19. Rf3 g6 20. R3f2 Rbe8 21.
c4 Re7 22. Nf3 Qe8 23. Ne2 Nd8 24. g4 Ne6 25. Ng3 Ref7 26. h4 Ne7 27. h5 g5 28.
b4 b5 29. Qb3 Qd7 30. Nf5 Ng7 31. Rc1 Ngxf5 32. exf5 d5 33. cxb5 axb5 34. Rfc2 c6 35. a4 bxa4 36. Qxa4 Qd6 37. Kg2 e4 38. dxe4 dxe4 39. Nd4 Nd5 40. Qb3 Nxb4 41. Rc4 c5 42. Ne6 Qd2+ 43. Kh3 Nd3 44. R4c2 Nxc1 45. Rxd2 Nxb3 46.
Rd7 Kg8 47. Nxf8 Kxf8 48. Rd8+ Kg7 49. Rb8 Nd2 50. Rc8 c4 51. Kg3 Rd7 52. Kf2 Nf3 53. Rxc4 Ne5 0-1

[Event "*** SCC Grand Prix: Titled Tuesday Blitz"]
[Site "Chess.com"]
[Date "2020.07.14"]
[Round "6"]
[White "arminmusovic"]
[Black "MIlorenzana271"]
[Result "1/2-1/2"]
[WhiteElo "2553"]
[BlackElo "2399"]
[TimeControl "180+1"]
[EndTime "11:07:52 PDT"]
[Termination "Game drawn by repetition"]

1. a3 d5 2. Nc3 d4 3. Ne4 Bf5 4. Ng3 Bg6 5. f4 e6 6. Nf3 c5 7. d3 Nf6 8. e4 dxe3 9. Bxe3 Nd5 10. Qd2 Nc6 11. Be2 Qb6 12. O-O Be7 13. c4 Nxe3 14. Qxe3 Bf6 15. Ne5 Rd8 16. Kh1 O-O 17. Rab1 a5 18.
Nxc6 Qxc6 19. Bf3 Qc7 20. Be4 Bd4 21. Qe2 f5 22. Bf3 Rfe8 23. b4 axb4 24. axb4 b6 25. bxc5 Bxc5 26. Bh5 Rd4 27. Bxg6 hxg6 28. Qf3 Qd7 29.
Rbd1 Rd8 30. Qe2 Kf7 31. Rf3 Qd6 32. Re1 Re8 33. Qf1 Rh8 34. Rd1 Rh4 35. Ne2 g5 36. Nxd4 Bxd4 37. g3 Rh5 38. Re1 g4 39. Rfe3 Bxe3 40.
Rxe3 Qd4 41. Qe2 Qa1+ 42. Kg2 Rh6 43. Re5 Qa8+ 44. Kg1 Qa1+ 45. Qe1 Qd4+ 46. Qe3 Qxe3+ 47. Rxe3 Rh8 48. Kf2 Ra8 49. Re2 Ra3 50. Ke3 Ke7 51.
Rb2 Ra6 52. Kd4 Kd6 53. Kc3 Ra3+ 54. Kd4 Kc6 55. Rd2 Ra1 56. Re2 Kd6 57. Kc3 Rc1+ 58. Kb2 Rd1 59. Kc2 Ra1 60. Kb2 Rd1 61. Kc2 Ra1 62.
Kc3 Rc1+ 63. Kd4 Rb1 64. Kc3 Rc1+ 1/2-1/2

[Event "*** SCC Grand Prix: Titled Tuesday Blitz"]
[Site "Chess.com"]
[Date "2020.07.14"]
[Round "6"]
[White "Parkas"]
[Black "Zarinur"]
[Result "0-1"]
[WhiteElo "2337"]
[BlackElo "2107"]
[TimeControl "180+1"]
[EndTime "11:07:53 PDT"]
[Termination "Zarinur won on time"]

1. d4 Nf6 2. Nc3 d5 3. Bf4 Bf5 4. f3 e6 5. g4 Bg6 6. h4 h6 7. e3 Bd6 8. Nh3 a6 9. Bxd6 Qxd6 10.
Nf4 Bh7 11. g5 hxg5 12. hxg5 Nfd7 13. Bd3 g6 14. Nxg6 Qg3+ 15. Kd2 Qf2+ 16. Ne2 fxg6 17.
Bxg6+ Kf8 18. Rxh7 Rxh7 19. Bxh7 Qxf3 20. Qg1 Kg7 21. Qh2 Nb6 22. Qh6+ Kf7 23. g6+ Ke7 24. b3 N8d7 25. Qg5+ Nf6 26. g7 Kd7 27. Nc3 Qf2+ 28. Kc1 a5 29. Bg6 a4 30. a3 axb3 31. cxb3 Qe1+ 32.
Kc2 Qf2+ 33. Kd3 Ne4 34. Nxe4 dxe4+ 35. Kxe4 Qc2+ 36. Kf3 Qc3 37. Qf4 Qxa1 38. Qf7+ Kd6 39. Qf8+ Rxf8+ 40. gxf8=Q+ Kc6 41. Qe8+ Kd5 42. Qd8+ Kc6 43.
Be8+ Nd7 44. Qxd7+ Kb6 45. Qb5+ Ka7 46. Qa5+ Kb8 0-1

[Event "*** SCC Grand Prix: Titled Tuesday Blitz"]
[Site "Chess.com"]
[Date "2020.07.14"]
[Round "6"]
[White "JozefKneht"]
[Black "TST2014"]
[Result "1-0"]
[WhiteElo "2333"]
[BlackElo "2478"]
[TimeControl "180+1"]
[EndTime "11:07:54 PDT"]
[Termination "JozefKneht won by checkmate"]

1. Nf3 Nf6 2. d4 g6 3. Bf4 Bg7 4. e3 O-O 5. Be2 d6 6. h3 Nbd7 7. O-O e6 8. c4 Qe7 9. Nc3 b6 10. Bh2 Bb7 11. b4 Ne4 12. Nxe4 Bxe4 13. Nd2 Bb7 14.
Rc1 a5 15. b5 Rac8 16. Bf3 Bxf3 17. Qxf3 e5 18. Qd5 Qe6 19. Qxe6 fxe6 20. Nf3 Rf5 21.
Rfd1 Rcf8 22. Rc2 exd4 23. exd4 e5 24. dxe5 Nxe5 25. Bxe5 Bxe5 26. Rd3 Bg7 27. Kf1 Rc5 28.
Rd5 Rf5 29. Rxf5 Rxf5 30. Re2 Kf7 31. a4 Rc5 32. Re4 h6 33. Ke2 g5 34. Kd3 Bf6 35.
Nh2 h5 36. Nf1 d5 37. cxd5 Rxd5+ 38. Ke2 Re5 39. Rxe5 Bxe5 40. Kd3 Ke6 41. Ke4 Bf4 42. g3 Bc1 43. f4 gxf4 44. gxf4 h4 45. Nh2 Kd6 46.
Nf3 c6 47. bxc6 Kxc6 48. f5 Kc5 49. f6 Kb4 50. f7 Bh6 51. Nxh4 Kxa4 52. Nf5 Bf8 53.
h4 Kb3 54. h5 a4 55. h6 a3 56. h7 Bg7 57. f8=Q Bxf8 58. h8=Q a2 59. Nd4+ Kb2 60. Qh2+ Ka3 61. Nc2+ Ka4 62. Qf2 Bc5 63. Qe1 b5 64.
Kd3 b4 65. Kc4 b3 66. Qe8+ Ka5 67. Qb5# 1-0

[Event "*** SCC Grand Prix: Titled Tuesday Blitz"]
[Site "Chess.com"]
[Date "2020.07.14"]
[Round "6"]
[White "swayamsm"]
[Black "manmanlai1"]
[Result "0-1"]
[WhiteElo "2598"]
[BlackElo "2474"]
[TimeControl "180+1"]
[EndTime "11:07:56 PDT"]
[Termination "manmanlai1 won by resignation"]

1. d4 d5 2. Nf3 Nf6 3. Bf4 c5 4. e3 Nc6 5. Nbd2 cxd4 6. exd4 Bf5 7. c3 e6 8. Qb3 Qc8 9. Ne5 Be7 10. Be2 O-O 11.
O-O Nxe5 12. Bxe5 a6 13. Kh1 Ne4 14. Nxe4 Bxe4 15. f3 Bg6 16. Rad1 Qc6 17. Bg3 Bd6 18.
Bxd6 Qxd6 19. Bd3 Bxd3 20. Rxd3 b5 21. Re3 Rab8 22. f4 g6 23. a3 a5 24. Qd1 b4 25.
axb4 axb4 26. Qf3 bxc3 27. bxc3 Rb2 28. h3 Ra8 29. Qg4 Raa2 30. Rg3 Qb6 31. Qg5 Rb1 32. Rf3 Raa1 33. Kg1 Qb5 34. Rxb1 Qxb1+ 35. Kh2 Qh1+ 36. Kg3 Ra2 37. Kh4 Rxg2 38. Qe5 h6 39. Rg3 Rxg3 40. Kxg3 Qg1+ 41. Kf3 Qf1+ 42. Kg3 Qd3+ 43. Kg2 Qc2+ 44. Kg3 Qxc3+ 45. Kh4 Qc8 46. Qf6 Qc1 47. Kg3 Qe3+ 48.
Kg2 Qe4+ 49. Kg3 Qd3+ 50. Kg2 Qf5 51. Qh4 Qc2+ 52. Kf1 Qd1+ 53. Kg2 Qd2+ 54. Kf1 Kg7 55. f5 Qd3+ 56. Kf2 Qxf5+ 0-1

[Event "*** SCC Grand Prix: Titled Tuesday Blitz"]
[Site "Chess.com"]
[Date "2020.07.14"]
[Round "6"]
[White "wonderfultime"]
[Black "dretch"]
[Result "1/2-1/2"]
[WhiteElo "2967"]
[BlackElo "2829"]
[TimeControl "180+1"]
[EndTime "11:07:57 PDT"]
[Termination "Game drawn by repetition"]

1. d4 d5 2. Nf3 Nf6 3. Bf4 c5 4.
c3 Nc6 5. e3 e6 6. Nbd2 Be7 7.
Bd3 c4 8. Bc2 b5 9. a3 a5 10.
O-O Bb7 11. Ne5 Nd7 12. Qg4 Ncxe5 13. Bxe5 Nxe5 14. dxe5 g6 15. Nf3 Qc7 16. Qg3 b4 17. axb4 axb4 18. Rxa8+ Bxa8 19. Ba4+ Bc6 20. Bxc6+ Qxc6 21. h4 O-O 22. h5 Ra8 23. hxg6 hxg6 24. Nd4 Qb6 25. f4 Bc5 26. f5 Bxd4 27. exd4 exf5 28. Rxf5 bxc3 29. bxc3 Ra1+ 30. Rf1 Rxf1+ 31. Kxf1 Qb1+ 32. Kf2 Qd1 33. Qe3 Qc2+ 34. Kg3 Qf5 35. Kh2 Kf8 36. Qf3 Qg5 37. g4 Qd2+ 38. Kh3 Ke8 39. Qxd5 Qxc3+ 40. Kh4 Qe1+ 41. Kh3 Qe3+ 42. Kg2 c3 43. Qc6+ Kf8 44. Qd6+ Kg8 45. Qd8+ Kh7 46. Qh4+ Kg8 47. Qd8+ Kh7 48. Qh4+ Qh6 49. Qf6 Qe3 50. Qxf7+ Kh6 51. Qf8+ Kh7 52.
Qf7+ Kh6 53. Qf8+ Kh7 54. Qe7+ Kh6 55. Qf8+ 1/2-1/2

[Event "*** SCC Grand Prix: Titled Tuesday Blitz"]
[Site "Chess.com"]
[Date "2020.07.14"]
[Round "6"]
[White "ace_mar"]
[Black "PavelShkapenko"]
[Result "0-1"]
[WhiteElo "2446"]
[BlackElo "2599"]
[TimeControl "180+1"]
[EndTime "11:07:57 PDT"]
[Termination "PavelShkapenko won by resignation"]

1. d4 Nf6 2. c4 e6 3. g3 Bb4+ 4.
Bd2 Qe7 5. Nf3 Nc6 6. Nc3 Bxc3 7. Bxc3 Ne4 8. Rc1 O-O 9. Bg2 d6 10. d5 Nxc3 11. Rxc3 Nb8 12. dxe6 fxe6 13. O-O Nd7 14.
Qc2 Nf6 15. Rd1 Kh8 16. Ne1 Rb8 17. e4 Bd7 18. c5 Bc6 19. cxd6 cxd6 20. e5 dxe5 21.
Bxc6 bxc6 22. Rxc6 e4 23. Ng2 Ng4 24. Rf1 e3 25. Nxe3 Nxe3 26. fxe3 Rxf1+ 27. Kxf1 Rf8+ 28. Kg1 Qf6 29. Qe2 Qf5 30. Rc1 Qd5 31. Rf1 Rd8 32. Qf3 Qc5 33. b3 h6 34. Qe4 Qb6 35. Qf4 Qa6 36. Qc7 Rg8 37. a4 Qd3 38. Qxa7 Qxb3 39.
a5 Rd8 40. Qb6 Qd5 41. a6 Rc8 42. a7 Kh7 43. Qb1+ g6 44. Rc1 Rf8 45. Qb8 Qf3 46. a8=Q Qxa8 47. Qxa8 Rxa8 48. Rc7+ Kg8 49. Kf2 Rf8+ 50.
Kg1 Rf7 51. Kg2 Rxc7 0-1

[Event "*** SCC Grand Prix: Titled Tuesday Blitz"]
[Site "Chess.com"]
[Date "2020.07.14"]
[Round "6"]
[White "blitzking1729"]
[Black "bazar-wokzal"]
[Result "1-0"]
[WhiteElo "2580"]
[BlackElo "2434"]
[TimeControl "180+1"]
[EndTime "11:07:57 PDT"]
[Termination "blitzking1729 won on time"]

1. Nf3 c5 2. g3 Nc6 3. Bg2 e5 4. O-O f5 5. d3 Nf6 6. e4 d6 7.
c3 Be7 8. Qb3 Na5 9. Qc2 O-O 10.
Nbd2 Nc6 11. Qb3+ Kh8 12. Ng5 Qe8 13. Ne6 Na5 14. Qa3 Bxe6 15. Qxa5 f4 16. gxf4 exf4 17. Nf3 b6 18. Qa3 Qh5 19. Qa4 Bh3 20. Ne1 Bxg2 21. Kxg2 Ng4 22. h3 f3+ 23. Nxf3 Rxf3 24.
Kxf3 Ne5+ 25. Kg2 Qg6+ 26. Kh1 Qh5 27. Kg2 Qf3+ 28. Kh2 Rf8 29. Qd1 Qf7 30. f4 Ng6 31. f5 Ne5 32. Bf4 Bf6 33. Bxe5 Bxe5+ 34. Kh1 Qe7 35.
Qg4 b5 36. Rad1 b4 37. d4 Bf6 38. Rfe1 bxc3 39. bxc3 cxd4 40. cxd4 Re8 41. Re2 h6 42.
Rde1 Qf7 43. e5 dxe5 44. dxe5 Qd5+ 45. Qg2 Rxe5 46. Rxe5 Qxe5 47. Rxe5 1-0

[Event "*** SCC Grand Prix: Titled Tuesday Blitz"]
[Site "Chess.com"]
[Date "2020.07.14"]
[Round "6"]
[White "ARTHURMOTIVATOR"]
[Black "Larina_Marija"]
[Result "1-0"]
[WhiteElo "2330"]
[BlackElo "2105"]
[TimeControl "180+1"]
[EndTime "11:07:57 PDT"]
[Termination "ARTHURMOTIVATOR won by checkmate"]

1. e4 d5 2. exd5 Qxd5 3. Nc3 Qa5 4. d4 Nf6 5. Bc4 Bf5 6. Ne2 e6 7. O-O Nbd7 8. Ng3 Bg6 9. f4 O-O-O 10. Qe2 c5 11. d5 exd5 12. Nxd5 Re8 13. Qf3 Be4 14. Nxe4 Rxe4 15. Nxf6 Nxf6 16. Bxf7 Bd6 17. Bd5 Re7 18. Bc4 Rhe8 19. c3 Re1 20. Bd2 Rxa1 21. Rxa1 Qc7 22. g3 h5 23. Re1 Rxe1+ 24. Bxe1 g6 25. Bf1 Qe7 26. Bf2 Qe4 27. Qxe4 Nxe4 28. Be1 Nf6 29. Bd3 h4 30. Bxg6 hxg3 31. hxg3 Kd7 32. Kg2 Ke7 33. Kf3 Kf8 34. Bf5 Kg7 35. g4 Nd5 36. Be4 Nxf4 37. Bg3 Nd3 38. Bxd6 Nxb2 39. Be5+ Kf7 40. g5 Nc4 41. Bd5+ Ke7 42. Bxc4 b5 43. Bd5 a6 44. g6 a5 45. g7 b4 46. cxb4 cxb4 47. g8=Q b3 48.
axb3 a4 49. Qg7+ Kd8 50. Bc7+ Kc8 51. Bb6 axb3 52. Qc7# 1-0

[Event "*** SCC Grand Prix: Titled Tuesday Blitz"]
[Site "Chess.com"]
[Date "2020.07.14"]
[Round "6"]
[White "Sanan_Sjugirov"]
[Black "WIDBIFS"]
[Result "1-0"]
[WhiteElo "2973"]
[BlackElo "2738"]
[TimeControl "180+1"]
[EndTime "11:07:58 PDT"]
[Termination "Sanan_Sjugirov won by resignation"]

1. d4 Nf6 2. c4 g6 3. f3 Bg7 4.
e4 O-O 5. Nc3 d6 6. Be3 c5 7. d5 e6 8. Nge2 exd5 9. cxd5 Na6 10.
Ng3 Nc7 11. a4 Re8 12. Be2 a6 13. O-O Rb8 14. Qd2 b5 15. axb5 Nxb5 16. Nxb5 axb5 17.
b4 c4 18. Ra7 Bb7 19. Rd1 Nd7 20. Bf1 Qc7 21. Ne2 Ra8 22. Rxa8 Bxa8 23. Nd4 Qb8 24.
Qa2 Bxd5 25. Qa6 Bxd4 26. Rxd4 Be6 27. Rxd6 Qc7 28. Bd4 c3 29. Rc6 Nb8 30. Rxc7 Nxa6 31. Rxc3 Nxb4 32. Bxb5 Rb8 33. Bf1 h6 34. h4 g5 35. h5 f5 36. Rc7 Bf7 37. Be5 fxe4 38. Rxf7 Kxf7 39. Bxb8 exf3 40. gxf3 Nc6 41. Bg3 Kf6 42.
Kf2 Nd4 43. Bd3 Ne6 44. Ke3 Nc5 45. Bg6 Ne6 46. Bb1 Nc5 47. Be1 Ne6 48. Bc3+ Ke7 49. Be5 Nf8 50. Bf5 Kf7 51. Kd4 Ne6+ 52. Bxe6+ 1-0

[Event "*** SCC Grand Prix: Titled Tuesday Blitz"]
[Site "Chess.com"]
[Date "2020.07.14"]
[Round "6"]
[White "VMikhalevski"]
[Black "GelmanAlexander"]
[Result "0-1"]
[WhiteElo "2785"]
[BlackElo "2603"]
[TimeControl "180+1"]
[EndTime "11:07:58 PDT"]
[Termination "GelmanAlexander won by resignation"]

1. Nf3 c5 2. g3 Nf6 3. Bg2 e6 4. O-O Be7 5. c4 O-O 6. b3 d6 7.
Bb2 a6 8. Nc3 Nbd7 9. d4 cxd4 10. Nxd4 Qc7 11. Rc1 Ne5 12. Qd2 Bd7 13. h3 Rac8 14.
Rfd1 Rfd8 15. e3 Qb8 16. Qe2 h6 17. a4 Qc7 18. Qc2 Qb6 19. Rb1 Qc7 20. Qd2 Qb6 21. Ba1 Qc7 22. Nde2 Bc6 23. e4 b6 24. Nd4 Bb7 25.
Kh2 Re8 26. f4 Ned7 27. f5 Bf8 28. fxe6 fxe6 29. Nde2 Nc5 30. Qe3 Qb8 31. Nf4 Qa8 32. Re1 Bc6 33. Ng6 Qb7 34. Qe2 Qf7 35.
Nxf8 Rxf8 36. Rf1 Qg6 37. Rfe1 h5 38. e5 Bxg2 39. Qxg2 dxe5 40. Rxe5 Rcd8 41. Re3 h4 42. gxh4 Qh6 43. Re2 Nd3 44. Qg5 Qh7 45. Rg1 Rd7 46. Reg2 Rff7 47. Ne2 e5 48. Rg3 Ne4 49. Qe3 Nxg3 50.
Qxg3 Qf5 51. Rg2 Nf4 52. Rf2 Rd2 53. Ng1 Rxf2+ 54. Qxf2 Qd3 55. Qg3 Qc2+ 56. Kh1 Qe4+ 57. Kh2 Nh5 58. Qg2 Qf4+ 59. Kh1 Ng3+ 60. Kh2 Ne4+ 61.
Kh1 Nf2+ 0-1

[Event "*** SCC Grand Prix: Titled Tuesday Blitz"]
[Site "Chess.com"]
[Date "2020.07.14"]
[Round "6"]
[White "Ermito2020"]
[Black "malandragem"]
[Result "1-0"]
[WhiteElo "2526"]
[BlackElo "2358"]
[TimeControl "180+1"]
[EndTime "11:07:58 PDT"]
[Termination "Ermito2020 won by checkmate"]

1. e4 c5 2. Nf3 d6 3. d4 cxd4 4. Nxd4 Nf6 5. Nc3 g6 6. Be3 Bg7 7. f3 O-O 8. Qd2 Nc6 9. g4 Bxg4 10. fxg4 Nxg4 11. Nxc6 bxc6 12. O-O-O Qa5 13. Bc4 Bxc3 14. bxc3 Qa3+ 15. Kb1 Rfb8+ 16. Bb3 a5 17. Qc1 Qxc1+ 18. Bxc1 a4 19. Rhg1 Nf6 20. Rge1 Nd7 21. Bf4 Nc5 22. e5 Ne6 23. Bh6 d5 24. h4 axb3 25. cxb3 Ra4 26. h5 g5 27. Rg1 f6 28. Rdf1 Rf4 29. Rxf4 Nxf4 30. exf6 exf6 31. Kb2 Nxh5 32. Bxg5 fxg5 33.
Rxg5+ Ng7 34. a4 Kf7 35. a5 Kf6 36. Rg1 h5 37. b4 h4 38. Rh1 Nf5 39. Kb3 Kg5 40.
c4 Kg4 41. cxd5 cxd5 42. Ka4 h3 43. b5 Kg3 44. a6 Kg2 45. Rb1 Nd4 46. b6 Nc6 47.
Kb5 Na7+ 48. Kc5 Nc8 49. b7 Na7 50. Kb6 Nc8+ 51. Kc7 Rxb7+ 52. axb7 Nd6 53. b8=Q Ne8+ 54. Qxe8 d4 55. Qg8+ Kf3 56. Rd1 h2 57. Qh7 Kg2 58. Rd2+ Kg1 59. Qxh2+ Kf1 60. Qf2# 1-0

[Event "*** SCC Grand Prix: Titled Tuesday Blitz"]
[Site "Chess.com"]
[Date "2020.07.14"]
[Round "6"]
[White "VovenRogel"]
[Black "RaunakSadhwani2005"]
[Result "0-1"]
[WhiteElo "2730"]
[BlackElo "2954"]
[TimeControl "180+1"]
[EndTime "11:07:59 PDT"]
[Termination "RaunakSadhwani2005 won by resignation"]

1. d4 f5 2. g3 Nf6 3. Bg2 g6 4. c3 Bg7 5. Qb3 Nc6 6. Nh3 a5 7. a4 d5 8. Nf4 e6 9. O-O O-O 10. Na3 Ne4 11. Nd3 b6 12. Nb5 Ba6 13. Be3 g5 14. f3 Nd6 15. Nxd6 cxd6 16. Bf2 Rc8 17.
Rad1 f4 18. Rfe1 Bc4 19. Qa3 h5 20. e4 dxe4 21. Rxe4 Bd5 22. Ree1 Ne7 23. gxf4 Ng6 24. fxg5 Qxg5 25. Qxd6 h4 26. Be3 Qf5 27. Nf2 Rc6 28.
Qd7 Rf7 29. Qd8+ Rf8 30. Qg5 Qxg5 31. Bxg5 Bxf3 32. Bxf3 Rxf3 33. Kg2 Rf5 34. Bc1 Ne7 35. Nh3 Bf6 36. Nf4 Kf7 37. Rf1 Rc4 38. Rde1 Rxa4 39.
Nxe6 h3+ 40. Kg1 Rxf1+ 41. Kxf1 Bh4 42. Re4 Ra1 43. Nd8+ Ke8 44. Rxh4 Rxc1+ 45. Ke2 Kxd8 46. Kd2 Rg1 47. Rxh3 Rg2+ 48. Kc1 Kd7 49. Rh5 Kc6 50. Kb1 Nd5 51. h4 Nf4 52. Rh6+ Kb5 53. b3 Rh2 54. Ka1 Ne2 55. Rh5+ Ka6 56. Kb2 Nf4+ 0-1

[Event "*** SCC Grand Prix: Titled Tuesday Blitz"]
[Site "Chess.com"]
[Date "2020.07.14"]
[Round "6"]
[White "ZverevLev"]
[Black "Vse_po_kaify"]
[Result "0-1"]
[WhiteElo "2334"]
[BlackElo "2027"]
[TimeControl "180+1"]
[EndTime "11:07:59 PDT"]
[Termination "Vse_po_kaify won on time"]

1. d4 Nf6 2. g3 e6 3. Bg2 c5 4. dxc5 Bxc5 5. Nf3 d5 6. O-O Nc6 7. c3 O-O 8. b4 Bd6 9. Bb2 Ne5 10. Nxe5 Bxe5 11.
Nd2 b6 12. Nc4 Bc7 13. f4 Bb7 14. Ne5 Bxe5 15. fxe5 Ne4 16. Qd4 Rc8 17. Bxe4 dxe4 18. Rad1 Qe7 19. Qd7 Qxd7 20. Rxd7 Bd5 21. Rxa7 Bc4 22.
Rf4 Bd5 23. b5 f5 24. exf6 Rxf6 25. Rxg7+ Kxg7 26. c4 Rxc4 27. Rxf6 Kg8 28. Rf1 Rc2 29. Bd4 Rxe2 30. Bxb6 e3 31. Rc1 Rg2+ 32. Kf1 e2+ 33.
Ke1 Rxh2 34. Rc8+ Kf7 35. Rc3 Kg6 36. Bf2 Bxa2 37. Kxe2 Rh1 38. b6 Rb1 39. Ra3 Bd5 40. Ra7 Rb2+ 41. Ke1 Rb1+ 42. Ke2 Rb2+ 43. Kf1 Bf3 44.
Rc7 Rb1+ 45. Be1 Rxb6 46. Kf2 Bd5 47. Re7 Rb2+ 48. Ke3 Rb3+ 0-1